 Dungeon Crawl Stone Soup version 0.25.1-2-g60ff931df9 (webtiles) character file.

Game seed: 5672100446168309326

49 KyoPewz the Skirmisher (level 3, -3/61 HPs)
             Began as an Ogre Berserker on Oct 4, 2020.
             Was a Follower of Trog.
             Slain by a hobgoblin (4 damage)
             ... led by Robin
             ... on level 2 of the Dungeon.
             The game lasted 00:02:26 (1304 turns).

KyoPewz the Skirmisher (Ogre Berserker)             Turns: 1304, Time: 00:02:26

Health: -3/61      AC:  3    Str: 21    XL:     3   Next: 75%
Magic:  3/3        EV:  7    Int:  8    God:    Trog [*.....]
Gold:   36         SH:  7    Dex:  9    Spells: 2/2 levels left

rFire    . . .     SeeInvis .   a - +0 mace
rCold    . . .     Gourm    .   f - +0 kite shield
rNeg     . . .     Faith    .   b - +0 animal skin
rPois    .         Spirit   .   (helmet restricted)
rElec    .         Reflect  .   (no cloak)
rCorr    .         Harm     .   (gloves unavailable)
MR       .....                  (boots unavailable)
Stlth    ..........             (no amulet)
HPRegen  0.20/turn              (no ring)
MPRegen  0.08/turn              (no ring)

@: berserking (expiring), lightly drained, very quick
A: large, unfitting armour, tough skin 1
a: Berserk, Renounce Religion


You were on level 2 of the Dungeon.
You worshipped Trog.
Trog was aware of your devotion.
You were near starving.

You visited 1 branch of the dungeon, and saw 2 of its levels.

You collected 36 gold pieces.

Inventory:

Hand Weapons
 a - a +0 mace (weapon)
Missiles
 i - a throwing net (quivered) {!f}
Armour
 b - a +0 animal skin (worn)
 f - a +0 kite shield (worn)
   (You found it on level 1 of the Dungeon)
Jewellery
 d - an uncursed ring of wizardry {unknown}
   (You found it on level 1 of the Dungeon)
Scrolls
 c - 2 scrolls of remove curse {unknown}
 g - 2 scrolls of identify {unknown}
Potions
 j - a potion of flight {unknown}
Comestibles
 e - a ration {!d}


   Skills:
 + Level 4.8(4.2) Fighting
 + Level 3.2(2.7) Maces & Flails
 - Level 2.8(2.3) Dodging
 + Level 1.2(0.7) Shields


You had 2 spell levels left.
You didn't know any spells.
Your spell library was empty.

Dungeon Overview and Level Annotations

Branches:
Dungeon (2/15)

Altars:

Annotations:
D:2 Robin


Innate Abilities, Weirdness & Mutations

You are too large for most types of armour.
You have tough skin. (AC +1)


Message History

Robin throws the goblin at you! You block the goblin's attack.
You are too injured to fight recklessly!
You are too injured to fight recklessly!
You hit the goblin.
You kill the goblin!
Trog accepts your kill. The bat barely misses you.
The goblin splashes around in the water.
The goblin barely misses you. You block the goblin's attack.
Robin throws the goblin at you!
* * * LOW HITPOINT WARNING * * *
The goblin hits you but does no damage.
You hit the hobgoblin. The goblin hits you but does no damage.
The goblin hits you.
* * * LOW HITPOINT WARNING * * *
The goblin hits you but does no damage. The bat hits you but does no damage.
The goblin hits you but does no damage. You block the hobgoblin's attack.
The goblin hits you but does no damage.
You closely miss the hobgoblin. The bat barely misses you. The goblin hits you.
* * * LOW HITPOINT WARNING * * *
The goblin barely misses you. x2; The goblin hits you but does no damage.
The hobgoblin closely misses you.
Unknown command.
You hit the hobgoblin.
You kill the hobgoblin!
Trog accepts your kill. Robin throws the goblin at you!
* * * LOW HITPOINT WARNING * * *
The goblin hits you with a +0 dagger.
* * * LOW HITPOINT WARNING * * *
The hobgoblin hits you.
* * * LOW HITPOINT WARNING * * *
The goblin barely misses you. The goblin hits you but does no damage.
The goblin hits you.
* * * LOW HITPOINT WARNING * * *
You block the goblin's attack. The goblin hits you with a +0 dagger.
* * * LOW HITPOINT WARNING * * *
You closely miss the goblin. The hobgoblin hits you.
* * * LOW HITPOINT WARNING * * *
You block the goblin's attack. The hobgoblin hits you.
* * * LOW HITPOINT WARNING * * *
The goblin completely misses you. The goblin hits you.
* * * LOW HITPOINT WARNING * * *
The goblin closely misses you. x2; The goblin hits you but does no damage.
You barely miss the goblin.
The hobgoblin splashes around in the water.
The goblin hits you with a +0 dagger.
* * * LOW HITPOINT WARNING * * *
The hobgoblin hits you.
You die...

.......≈..≈.##
...≈≈..≈..≈≈≈##
..≈..≈..≈..≈≈≈#
.!≈..≈⌠.≈...≈≈#
...≈.⌠≈..≈..≈≈#
≈..≈..≈.gb..≈≈# ..
≈≈?.≈..gggg.≈# #..
.≈..≈..gg@g.# #...
..≈≈....ggg.##.?.g
.......?....#.....
...............#
...............#
###....(....#..#
#........<...#
...........#.##
##.............


You could see Robin, 3 hobgoblins, 7 goblins and a bat.

Vanquished Creatures
  An ooze (D:1)
  3 dart slugs (D:1)
  A leopard gecko (D:1)
  4 bats (D:1)
  5 giant cockroaches
  3 goblins
  5 hobgoblins
  4 jackals (D:1)
  2 frilled lizards
  2 kobolds (D:1)
  3 rats (D:1)
33 creatures vanquished.

Notes
Turn   | Place    | Note
-------+----------+-------------------------------------------
     0 | D:1      | KyoPewz the Ogre Berserker began the quest for the Orb.
     0 | D:1      | Reached XP level 1. HP: 24/24 MP: 1/1
   262 | D:1      | Reached XP level 2. HP: 26/32 MP: 2/2
   617 | D:1      | Reached XP level 3. HP: 40/40 MP: 3/3
   709 | D:1      | Reached skill level 1 in Shields
  1286 | D:2      | Noticed Robin
  1304 | D:2      | HP: 1/61 [goblin/+0 dagger[Robin] (3)]
  1304 | D:2      | Slain by a hobgoblin

Illustrated notes

Levels and vault maps discovered:
D:1:      dpeg_arrival_snail, layout_loops_ring
D:2:      cheibrodos_helix_gallery, layout_rooms,
          amethyst_overflow_temple_binary, first_ration, uniq_robin

Skill      XL: |  1  2  3 |
---------------+----------+-----
Maces & Flails | 3 |  3.2
Shields        | 1 |  1.2
Fighting       | |  4.8
Dodging        | |  2.8

Action                   || total
-------------------------++-------
Melee: Mace              ||   137
Invok: Berserk           ||     1
  Eat: Chunk             ||     1
Armor: Animal skin       ||    74
Dodge: Dodged            ||    80
Block: Kite shield       ||    55
